 Dungeon Crawl Stone Soup version 0.29-a0-231-g945431f764 (webtiles) character file.

Game seed: 1315041520387640518

137 fragbeetle the Firebug (level 5, -3/41 HPs)
             Began as a Demonspawn Cinder Acolyte on Mar 1, 2022.
             Was a High Priest of Ignis.
             Slain by an iguana (6 damage)
             ... on level 4 of the Dungeon.
             The game lasted 00:04:43 (3948 turns).

fragbeetle the Firebug (Demonspawn Cinder Acolyte)  Turns: 3948, Time: 00:04:44

Health: -3/41      AC: 11    Str: 16    XL:     5   Next: 0%
Magic:  5/6        EV: 11    Int: 16    God:    Ignis [*****.]
Gold:   207        SH:  0    Dex:  8    Spells: 4/6 levels left

rFire   + . .      SeeInvis .   s - +0 trident
rCold   . . .      Faith    .   (no shield)
rNeg    . . .      Spirit   .   i - +0 leather armour
rPois   .          Reflect  .   (helmet restricted)
rElec   .          Harm     .   (no cloak)
rCorr   .          Rampage  .   r - +0 pair of gloves
Will    .....                   (no boots)
Stlth   +.........              (no amulet)
HPRegen 0.13/turn               (no ring)
MPRegen 0.20/turn               (no ring)

@: fiery-armoured
A: horns 1, foul stench 2, magic regeneration
a: Renounce Religion, Fiery Armour, Foxfire Swarm, Rising Flame


You were on level 4 of the Dungeon.
You worshipped Ignis.
Ignis was extremely pleased with you.
You visited 1 branch of the dungeon, and saw 4 of its levels.

You collected 207 gold pieces.

Inventory:

Hand Weapons
 a - a -1 spear of flaming
 s - a +0 trident (weapon)
Missiles
 p - 5 boomerangs (quivered)
Armour
 f - a +0 plate armour
 i - a +0 leather armour (worn)
 r - a +0 pair of gloves (worn)
Magical Staves
 k - a staff of earth
Wands
 m - a wand of digging (4)
Scrolls
 b - a scroll of amnesia {unknown}
 c - a scroll of holy word {unknown}
 d - a scroll of acquirement {unknown}
 e - 2 scrolls of identify {unknown}
 g - 2 scrolls of blinking {unknown}
 j - 3 scrolls of fear {unknown}
 l - a scroll of vulnerability {unknown}
 n - 2 scrolls of fog {unknown}
 o - a scroll of silence {unknown}
Potions
 h - 3 potions of curing {unknown}
 q - a potion of heal wounds {unknown}


   Skills:
 - Level 3.0 Fighting
 + Level 4.0 Polearms
 - Level 1.0 Spellcasting
 + Level 4.2 Fire Magic


You had 4 spell levels left.
You knew the following spells:

 Your Spells              Type           Power      Damage    Failure   Level
a - Scorch                Fire           28%        2d6       8%          2

Your spell library contained the following spells:

 Spells                   Type           Power      Damage    Failure   Level
 Freeze                   Ice            0%         1d3       28%         1
 Conjure Flame            Conj/Fire      7%         6-21      34%         3
 Ignite Poison            Fire/Tmut/Pois 5%         N/A       43%         3
 Frozen Ramparts          Ice            0%         1d2       63%         3
 Sticky Flame             Conj/Fire      7%         2d3       75%         4
 Hailstorm                Conj/Ice       0%         3d3       95%         4


Dungeon Overview and Level Annotations

Branches:
Dungeon (4/15)
 Temple: D:4-7

Altars:
Dithmenos

Annotations:
D:4 1 runed translucent door, Snarg's ghost, amateur DgWn


Innate Abilities, Weirdness & Mutations

You have a pair of small horns on your head.
You sometimes emit foul miasma when damaged in melee.
You regenerate magic rapidly.


Message History

You hit the iguana.
The iguana is lightly wounded.
The iguana closely misses you.
You closely miss the iguana.
The iguana is lightly wounded.
The iguana bites you!
You barely miss the iguana. Your headbutt misses the iguana.
The iguana is lightly wounded.
The iguana bites you!
You hit the iguana but do no damage.
The iguana is lightly wounded.
The iguana bites you!
You are too injured to fight recklessly!
You are too injured to fight recklessly!
Casting: Scorch (safe; 8% risk of failure)
Confirm with . or Enter, or press ? or * to list all spells.
Flames lash the iguana.
The iguana is severely wounded.
The iguana's fire resistance burns away.
The iguana bites you.
* * * LOW HITPOINT WARNING * * *
A protective cloak of flame settles atop you.
The iguana bites you but does no damage.
You hit the iguana but do no damage.
The iguana is severely wounded.
The iguana barely misses you.
You closely miss the iguana.
You headbutt the iguana, but do no damage.
The iguana is severely wounded.
The iguana bites you.
* * * LOW HITPOINT WARNING * * *
The iguana is burned by your cloak of flames.
The iguana is almost dead.
You hit the iguana but do no damage.
The iguana is almost dead.
The iguana is no longer more vulnerable to fire.
The iguana bites you.
* * * LOW HITPOINT WARNING * * *
The iguana bites you.
You die...

.................
####+###...........
#......#......†)...
#.....>#....###...#
#......########..†#
#......#.....#....>
#......#.....#.....
#.l#####.....'.....
#.@..........#.....
##....^......#.....
+....##.....##...#
#....##.....##...#
#....##.....#.....
#....##)....#.....
#...........#.....
#....##.....##....
#....##.....######


You could see an iguana.

Vanquished Creatures
  5 adders
  A dart slug (D:1)
  4 worms
  3 orcs
  6 endoplasms
  5 giant cockroaches
  7 hobgoblins
  A quokka (D:2)
  9 ball pythons
  3 bats
  7 frilled lizards
  10 goblins
  9 kobolds
  6 rats
76 creatures vanquished.

Notes
Turn   | Place    | Note
-------+----------+-------------------------------------------
     0 | D:1      | fragbeetle the Demonspawn Cinder Acolyte began the quest
                  | for the Orb.
     0 | D:1      | Reached XP level 1. HP: 18/18 MP: 2/2
   346 | D:1      | Gained mutation: You may rarely emit foul miasma when
                  | damaged in melee. [demonic ancestry]
   346 | D:1      | Reached XP level 2. HP: 24/24 MP: 3/3
   967 | D:2      | Discovered your monstrous ancestry.
   967 | D:2      | Gained mutation: You have a pair of small horns on your
                  | head. [demonic ancestry]
   967 | D:2      | Reached XP level 3. HP: 23/29 MP: 4/4
  1325 | D:2      | Learned a level 2 spell: Scorch
  2394 | D:3      | Gained mutation: You regenerate magic rapidly. [demonic
                  | ancestry]
  2394 | D:3      | Reached XP level 4. HP: 25/35 MP: 5/5
  3067 | D:3      | Found a shadowy altar of Dithmenos.
  3469 | D:3      | Found a faded altar of an unknown god.
  3531 | D:4      | Found a runed translucent door.
  3536 | D:4      | Noticed Snarg's ghost (amateur DgWn)
  3761 | D:4      | Gained mutation: You sometimes emit foul miasma when
                  | damaged in melee. [demonic ancestry]
  3761 | D:4      | Reached XP level 5. HP: 26/41 MP: 6/6
  3948 | D:4      | Slain by an iguana

Illustrated notes

Levels and vault maps discovered:
D:1:      ebering_trefoil_3fold, layout_basic
D:2:      layout_loops_corners, minmay_fractal_squares_gapless_5
D:3:      layout_loops_corners, dreamdust_ecumenical_altar_hidden_monk_grotto,
          chequers_serial_rivers_marsh, kennysheep_flooded_box
D:4:      layout_gridville, ebering_ghost_sewer_f

Skill      XL: |  1  2  3  4 |
---------------+-------------+-----
Polearms       | 3 4 |  4.0
Fire Magic     | 3 4 |  4.2
Fighting       | |  3.0
Spellcasting   | |  1.0

Action                   |  1- 3 |  4- 6 || total
-------------------------+-------+-------++-------
Melee: Spear             |   193 |    68 ||   261
       Punch             |     1 |       ||     1
       Headbutt          |    14 |     9 ||    23
       Trident           |       |    19 ||    19
 Cast: Scorch            |       |     1 ||     1
Invok: Fiery Armour      |       |     1 ||     1
 Stab: Sleeping          |     1 |       ||     1
Armor: Robe              |    28 |       ||    28
       Leather armour    |    16 |    15 ||    31
Dodge: Dodged            |    69 |    27 ||    96

Table legend: (Time is in decaauts)
 A = Elapsed time spent in this place.
 B = Non-inter-level travel time spent in this place.
 C = Inter-level travel time spent in this place.
 D = Time resting spent in this place.
 E = Time spent auto-exploring this place.
 F = Levels seen in this place.
 G = Mean time per level.
                   A        B        C        D        E       F      G
               +--------+--------+--------+--------+--------+-----+--------+
         Total |   3933 |   3796 |    137 |      0 |   3269 |   4 |  983.2 |
       Dungeon |   3933 |   3796 |    137 |      0 |   3269 |   4 |  983.2 |
               +--------+--------+--------+--------+--------+-----+--------+

Top non-repeatable levels by time:
     D:3: 1294 daAuts
     D:2: 1276 daAuts
     D:1: 923 daAuts
     D:4: 438 daAuts
